 Dungeon Crawl Stone Soup version 0.27-a0-58-g0ec5f8ab93 (webtiles) character file.

Game seed: 7442157235808803981

4802 Owlbear the Spear-Bearer (level 10, -3/77 HPs)
             Began as a Demonspawn Fighter on Jan 8, 2021.
             Was a Priest of Fedhas.
             Slain by Urug
             ... wielding a +2 great mace of protection
              (15 damage)
             ... on level 9 of the Dungeon.
             The game lasted 00:43:21 (8715 turns).

Owlbear the Spear-Bearer (Demonspawn Fighter)       Turns: 8715, Time: 00:43:21

Health: -3/77      AC: 16    Str: 20    XL:     10   Next: 24%
Magic:  0/15       EV:  8    Int: 10    God:    Fedhas [***...]
Gold:   322        SH: 15    Dex: 14    Spells: 9/9 levels left

rFire    . . .     SeeInvis .   a - +1 trident
rCold    . . .     Faith    .   c - +5 kite shield
rNeg     + . .     Spirit   +   B - +0 plate armour
rPois    .         Reflect  .   (helmet restricted)
rElec    .         Harm     .   (no cloak)
rCorr    .         Rampage  .   t - +2 pair of gloves
Will     .....                  (no boots)
Stlth    ..........             (no amulet)
HPRegen  0.22/turn              n - ring of positive energy
MPRegen  0.28/turn              p - +4 ring of evasion

@: no status effects
A: antennae 1, thin skeletal structure 1, demonic guardian 1, magic shield,
magic regeneration
a: Renounce Religion, Wall of Briars, Grow Ballistomycete


You were on level 9 of the Dungeon.
You worshipped Fedhas.
Fedhas was most pleased with you.
You visited 1 branch of the dungeon, and saw 10 of its levels.

You collected 487 gold pieces.
You spent 165 gold pieces at shops.

Inventory:

Hand Weapons
 a - a +1 trident (weapon)
Armour
 b - a +0 helmet
 c - a +5 kite shield (worn)
 t - a +2 pair of gloves (worn)
 B - a +0 plate armour (worn)
Jewellery
 i - an uncursed ring of fire
 l - an uncursed ring of protection from fire
 n - a ring of positive energy (left hand)
 p - a +4 ring of evasion (right hand)
 r - an uncursed amulet of guardian spirit
Wands
 o - a wand of acid (16)
 w - a wand of polymorph (21)
 x - a wand of iceblast (14)
 z - a wand of paralysis (7)
 A - a wand of random effects (37)
Scrolls
 g - 8 scrolls of teleportation
 h - 2 scrolls of enchant weapon
 j - a scroll of fear
 m - 2 scrolls of identify
 q - 4 scrolls of remove curse
 s - 2 scrolls of blinking
 u - a scroll of magic mapping
 y - 4 scrolls of fog
 D - a scroll of amnesia
Potions
 d - 2 potions of might
 e - 3 potions of brilliance
 f - a potion of attraction
 k - 4 potions of flight
 v - 3 potions of curing
 C - a potion of ambrosia


   Skills:
 + Level 6.9 Fighting
 * Level 8.3 Polearms
 + Level 6.3 Armour
 + Level 6.1 Shields
 + Level 7.9 Invocations


You had 9 spell levels left.
You didn't know any spells.
Your spell library contained the following spells:

 Spells                   Type           Power        Failure   Level
 Magic Dart               Conj           0%           100%        1
 Searing Ray              Conj           0%           100%        2
 Dazzling Flash           Conj/Hex       0%           100%        3
 Fulminant Prism          Conj/Hex       0%           100%        4
 Iskenderun's Mystic Bla  Conj/Tloc      0%           100%        4


Dungeon Overview and Level Annotations

Branches:
Dungeon (10/15)            Temple (0/1) D:4             Orc (0/2) D:9
   Lair: D:8-11

Altars:
Ashenzari
Dithmenos
Elyvilon
Fedhas
Kikubaaqudgha
Makhleb
Nemelex Xobeh
Ru
Uskayaw
Vehumet
Xom

Shops:
D:5 ?   D:7 !   D:9 [

Annotations:
D:3 2 transporters, Descartes's ghost, amateur DECj
D:9 Urug
D:10 Snorg


Innate Abilities, Weirdness & Mutations

You have a pair of small antennae on your head.
You have a somewhat thin skeletal structure. (Dex +2, Stealth)
A weak demonic guardian rushes to your aid.
When hurt, damage is shared between your health and your magic reserves.
You regenerate magic rapidly.


Message History

Your iron imp completely misses Urug.
You block Urug's attack.
You closely miss Urug.
Urug is almost dead.
Your iron imp barely misses Urug.
You miss Urug.
Urug is almost dead.
Urug hits you with a +2 great mace of protection!
Your iron imp closely misses Urug.
You closely miss Urug.
Urug is almost dead.
Urug hits you with a +2 great mace of protection!!
* * * LOW HITPOINT WARNING * * *
You closely miss Urug.
Urug is almost dead.
Your iron imp barely misses Urug.
You hit Urug but do no damage.
Urug is almost dead.
Urug hits you with a +2 great mace of protection!!
You die...
Fedhas appreciates your contribution to the ecosystem.

#............# #.....[......#
#...>.[<.....# #####
#............#
....#########...........?#
##.......)..'............#
#.....[)####....>.......#
#...((..# ##'###########
#..(....# #..@o5..# ##.(.....#
#######'##### .........#
#..........# .(...>...#
#..........# ###### .........##
#..........###..... .....∩....##
#....[.....#.'..... ...........#
#..........#.#.....
.........#.####..........#.#.....
.........#...............#.#.....


You could see Urug and a friendly iron imp (summoned).

Vanquished Creatures
  A two-headed ogre (D:10)
  A gargoyle (D:10)
  A hornet (D:8)
  A vampire (D:9)
  Menkaure (D:6)
  2 sky beasts
  An ice beast (D:9)
  A necrophage (D:6)
  3 orc warriors
  A phantom (D:4)
  A big kobold (D:9)
  2 bullfrogs
  A wyvern skeleton (D:8)
  4 wights (D:7)
  A howler monkey (D:9)
  A bullfrog zombie (D:6)
  2 jellies
  2 centaur skeletons
  4 hounds
  7 orc priests
  2 iguanas
  7 worker ants
  8 orc wizards
  A hound skeleton (D:7)
  A worker ant zombie (D:9)
  5 adders
  An ufetubus (D:5)
  3 oozes
  An adder zombie (D:6)
  An adder skeleton (D:4)
  3 worms
  A dart slug (D:3)
  3 leopard geckos
  31 orcs
  3 giant cockroaches
  9 goblins
  11 hobgoblins
  7 jackals
  4 quokkas
  A ball python (D:4)
  8 bats
  5 frilled lizards
  8 kobolds
  9 rats
  A ballistomycete spore (D:10)
  A butterfly (D:5)
173 creatures vanquished.

Vanquished Creatures (collateral kills)
  A two-headed ogre (D:9)
  A centaur skeleton (D:10)
  Grinder (D:6)
  A floating eye (D:9)
  An orc warrior (D:4)
  A centaur (D:9)
  A water moccasin zombie (D:6)
  2 scorpions (D:5)
  A wight (D:7)
  A hound (D:10)
  An orc priest (D:4)
  An orc wizard (D:3)
  A bullfrog skeleton (D:5)
  A worker ant (D:4)
  2 adders
  2 worms
  2 leopard geckos
  5 orcs
  A hobgoblin (D:3)
  2 jackals (D:6)
  A kobold (D:9)
  2 frilled lizards
  A jackal skeleton (D:5)
  6 ballistomycete spores
39 creatures vanquished.

Grand Total: 212 creatures vanquished

Notes
Turn   | Place    | Note
-------+----------+-------------------------------------------
     0 | D:1      | Owlbear the Demonspawn Fighter began the quest for the Orb.
     0 | D:1      | Reached XP level 1. HP: 18/18 MP: 1/1
   127 | D:1      | Reached skill level 2 in Polearms
   471 | D:1      | Gained mutation: A weak demonic guardian rushes to your
                  | aid. [demonic ancestry]
   471 | D:1      | Reached XP level 2. HP: 24/24 MP: 2/2
  1171 | D:2      | Reached skill level 1 in Invocations
  1251 | D:2      | Gained mutation: You have a somewhat thin skeletal
                  | structure. (Dex +2, Stealth) [demonic ancestry]
  1251 | D:2      | Reached XP level 3. HP: 29/29 MP: 3/3
  1531 | D:3      | Gained mutation: When hurt, damage is shared between your
                  | health and your magic reserves. [demonic ancestry]
  1531 | D:3      | Reached XP level 4. HP: 30/35 MP: 3/5
  1873 | D:3      | Found a blossoming altar of Fedhas.
  1881 | D:3      | Became a worshipper of Fedhas Madash
  1956 | D:3      | Noticed a sky beast
  2002 | D:3      | Killed a sky beast
  2003 | D:3      | Reached skill level 3 in Polearms
  2003 | D:3      | Reached XP level 5. HP: 33/41 MP: 6/6
  2140 | D:3      | Found a broken altar of Ashenzari.
  2232 | D:3      | Found a transporter.
  2282 | D:3      | Noticed Descartes's ghost (amateur DECj)
  2285 | D:3      | Found a transporter.
  2497 | D:3      | Reached * piety under Fedhas
  2828 | D:4      | Noticed a phantom
  2864 | D:4      | Killed a phantom
  2865 | D:4      | Gained mutation: You have a pair of small antennae on your
                  | head. [demonic ancestry]
  2865 | D:4      | Reached XP level 6. HP: 48/48 MP: 8/8
  2905 | D:4      | Found a sparkling altar of Nemelex Xobeh.
  2906 | D:4      | Found a burning altar of Makhleb.
  2911 | D:4      | Found a shadowy altar of Dithmenos.
  2943 | D:4      | Found a sacrificial altar of Ru.
  2971 | D:4      | Reached skill level 4 in Polearms
  2983 | D:4      | Noticed an orc warrior
  3022 | D:4      | Killed an orc warrior
  3023 | D:4      | Gained mutation: You regenerate magic rapidly. [demonic
                  | ancestry]
  3023 | D:4      | Reached XP level 7. HP: 24/54 MP: 4/9
  3278 | D:4      | Reached ** piety under Fedhas
  3409 | D:4      | Found a staircase to the Ecumenical Temple.
  3573 | D:5      | Entered Level 5 of the Dungeon
  3856 | D:5      | Found a shimmering altar of Xom.
  3984 | D:5      | Found a radiant altar of Vehumet.
  4001 | D:5      | Found Zoraa's Magic Scroll Emporium.
  4004 | D:5      | Bought a scroll of identify for 20 gold pieces
  4004 | D:5      | Bought a scroll of enchant armour for 75 gold pieces
  4004 | D:5      | Bought a scroll of teleportation for 30 gold pieces
  4004 | D:5      | Bought a scroll of identify for 20 gold pieces
  4004 | D:5      | Bought a scroll of identify for 20 gold pieces
  4073 | D:6      | Noticed Grinder
  4098 | D:6      | Paralysed by something for 4 turns
  4108 | D:6      | Paralysed by Grinder for 4 turns
  4113 | D:6      | Killed Grinder
  4114 | D:6      | Reached skill level 5 in Polearms
  4147 | D:6      | Reached XP level 8. HP: 59/61 MP: 11/11
  4403 | D:6      | Noticed Menkaure
  4421 | D:6      | Killed Menkaure
  4422 | D:6      | Reached skill level 5 in Invocations
  4431 | D:6      | Reached skill level 5 in Fighting
  4636 | D:6      | Reached *** piety under Fedhas
  5115 | D:7      | Reached skill level 6 in Polearms
  5313 | D:7      | Reached skill level 5 in Armour
  5470 | D:7      | Found Gauwaif's Distillery.
  5707 | D:8      | Noticed a hornet
  5725 | D:8      | Killed a hornet
  5947 | D:8      | Reached skill level 5 in Shields
  6010 | D:8      | Reached XP level 9. HP: 61/69 MP: 11/13
  6584 | D:8      | Found a white marble altar of Elyvilon.
  6817 | D:9      | Found a staircase to the Orcish Mines.
  6863 | D:9      | Found Fuekoedgh's Armour Shoppe.
  6982 | D:9      | Reached **** piety under Fedhas
  7009 | D:9      | Reached skill level 7 in Polearms
  7051 | D:9      | Paralysed by a floating eye for 4 turns
  7105 | D:9      | Noticed an oklob plant
  7111 | D:9      | Noticed an oklob plant
  7415 | D:9      | Found an ancient bone altar of Kikubaaqudgha.
  7415 | D:9      | Found a hide-covered altar of Uskayaw.
  7501 | D:9      | Noticed a two-headed ogre
  7533 | D:9      | Killed a two-headed ogre
  7889 | D:10     | Entered Level 10 of the Dungeon
  7898 | D:10     | Reached XP level 10. HP: 77/77 MP: 15/15
  7937 | D:10     | Noticed a two-headed ogre
  7953 | D:10     | Noticed Snorg
  7964 | D:10     | Killed a two-headed ogre
  7965 | D:10     | Reached skill level 8 in Polearms
  8274 | D:10     | Noticed a gargoyle
  8289 | D:10     | Killed a gargoyle
  8407 | D:10     | Noticed Urug
  8715 | D:9      | Slain by Urug

Illustrated notes

Levels and vault maps discovered:
D:1:      scummos_arrival_gate, layout_loops_ring, corner_web_ring,
          minmay_split_cup_small
D:2:      layout_rooms
D:3:      layout_basic, lemuel_coloured_pillars_altar,
          nicolae_overflow_hidden_temple, gammafunk_ghost_mausoleum
D:4:      layout_basic, lemuel_doored_altar, minitemple,
          minmay_temple_entry_proselytizer
D:5:      layout_rooms, xom_butterflies, general_overflow_altar, serial_shops,
          kennysheep_mini, dk_vineyard_3
D:6:      layout_basic, kennysheep_windowed_goal, uniq_menkaure, uniq_grinder
D:7:      layout_cave_pools, serial_shops, shop
D:8:      layout_loops_corners, elyvilon_altar_3
D:9:      layout_roguey, gammafunk_temple_overflow_elements, orc_david_3,
          disabler_island
D:10:     layout_cave_pools, lair_entry_dummy, enter_trove_2,
          grunt_ministairs_11, uniq_psyche, uniq_snorg, uniq_urug, uniq_fannar

Skill      XL: |  1  2  3  4  5  6  7  8  9 10 |
---------------+-------------------------------+-----
Polearms       | 2 3 4 5 6 7 8 |  8.3
Invocations    | 1 2 3 4 6 7 |  7.9
Shields        | 3 4 5 6 |  6.1
Armour         | 3 4 5 6 |  6.3
Fighting       | 4 5 6 |  6.9

Action                   |  1- 3 |  4- 6 |  7- 9 | 10-12 || total
-------------------------+-------+-------+-------+-------++-------
Melee: Trident           |   124 |   169 |   530 |    91 ||   914
Invok: Wall of Briars    |       |       |     1 |       ||     1
       Grow Ballistomyce |       |       |     2 |     1 ||     3
  Use: Scroll            |     1 |     9 |    17 |       ||    27
       Potion            |       |       |     1 |       ||     1
 Stab: Distracted        |       |     1 |     3 |     1 ||     5
Armor: Scale mail        |    41 |    37 |    43 |       ||   121
       Plate armour      |       |       |   136 |     9 ||   145
Dodge: Dodged            |    34 |    66 |   124 |    16 ||   240
Block: Kite shield       |    48 |    58 |   259 |    49 ||   414

Table legend: (Time is in decaauts)
 A = Elapsed time spent in this place.
 B = Non-inter-level travel time spent in this place.
 C = Inter-level travel time spent in this place.
 D = Time resting spent in this place.
 E = Time spent auto-exploring this place.
 F = Levels seen in this place.
 G = Mean time per level.
                   A        B        C        D        E       F      G
               +--------+--------+--------+--------+--------+-----+--------+
         Total |   8833 |   8464 |    369 |    825 |   5505 |  10 |  883.3 |
       Dungeon |   8833 |   8464 |    369 |    825 |   5505 |  10 |  883.3 |
               +--------+--------+--------+--------+--------+-----+--------+

Top non-repeatable levels by time:
     D:9: 1689 daAuts
     D:3: 1407 daAuts
     D:8: 1095 daAuts
     D:6: 1014 daAuts
     D:1: 1012 daAuts
     D:4: 865 daAuts
     D:7: 626 daAuts
     D:5: 444 daAuts
     D:2: 429 daAuts
    D:10: 248 daAuts
